 Dungeon Crawl Stone Soup version bcrawl-1.41.1 (webtiles) character file.

Game seed: 13269400409307620047

590443 Grimmash the Severer (level 16, -16/144 HPs)
             Began as a Sand Dwarf Archaeologist on Apr 18, 2024.
             Was the Champion of Cheibriados.
             Killed by the raging water
             ... invoked by a water nymph
              (31 damage)
             ... on level 2 of the Shoals.
             The game lasted 00:37:13 (21286 turns).

Grimmash the Severer (Sand Dwarf Archaeologist)    Turns: 21286, Time: 00:37:13

Health: -16/144    AC: 27    Str: 34    XL:     16   Next: 47%
Magic:  27/27      EV: 27    Int: 34    God:    Cheibriados [******]
Gold:   1804       SH: 14    Dex: 24    Spells: 24/30 levels left

rFire    . . .     GDR:     42% a - +2 war axe (vamp)
rCold    . . .     SeeInvis .   S - +0 medium shield
rNeg     . . .     Gourm    .   Q - +3 plate armour
rPois    .         Faith    .   d - +1 hat
rElec    .         Spirit   .   I - +0 cloak
rCorr    .         Reflect  .   z - +1 pair of gloves
MR       ++...     Clarity  +   q - +2 pair of boots
Stlth    ..........             (no amulet)
HPRegen  0.34/turn              X - +5 ring of evasion
MPRegen  0.20/turn              p - ring of Phasing {EV+8}

@: lethally poisoned (-16 -> -55), very slow
A: small, slowness 1, armour attunement
a: Bend Time, Defer, Temporal Distortion, Step From Time, Renounce Religion


You were on level 2 of the Shoals.
You worshipped Cheibriados.
Cheibriados was exalted by your worship.
You were hungry.

You visited 5 branches of the dungeon, and saw 22 of its levels.
You also visited: Sewer and Ossuary.

You collected 2229 gold pieces.
You spent 425 gold pieces at shops.

Inventory:

Hand Weapons
 a - a +2 vampiric war axe (weapon)
 b - a +0 blowgun
 h - a +3 flail
Missiles
 f - 62 curare-tipped needles
 m - 424 poisoned tomahawks (quivered)
 T - 4 throwing nets {=f}
Armour
 d - a +1 hat (worn)
 q - a +2 pair of boots (worn)
 z - a +1 pair of gloves (worn)
 I - a +0 cloak (worn)
 Q - a +3 plate armour (worn)
 S - a +0 medium shield (worn)
Jewellery
 p - the ring of Phasing (right hand) {EV+8}
   (You found it on level 6 of the Dungeon)

   [ring of evasion]

   It affects your evasion (+8).
 A - a +5 ring of strength
 C - the ring of Kindness {Ice rN+}
   (You found it on level 8 of the Dungeon)

   [ring of ice]

   It enhances your ice magic.
   It makes you vulnerable to fire.
   It protects you from cold.
   It protects you from negative energy.
 V - the cursed ring of Nolek {Ice Str+7 Stlth-}
   (You took it off Fannar in the Orcish Mines)

   [ring of ice]

   It enhances your ice magic.
   It affects your strength (+7).
   It makes you vulnerable to fire.
   It protects you from cold.
   It makes you less stealthy.
   It has a curse placed upon it.
 X - a +5 ring of evasion (left hand)
Wands
 n - a wand of acid (7)
 y - a wand of digging (15)
 B - a wand of polymorph (9)
 J - a wand of clouds (1)
 K - a wand of flame (14)
 Y - a wand of paralysis (10)
 Z - a wand of random effects (10)
Scrolls
 c - 2 scrolls of blinking
 g - 6 scrolls of revelation
 i - 8 scrolls of identify
 j - 6 scrolls of immolation
 l - 11 scrolls of remove curse
 o - 8 scrolls of teleportation
 t - 2 scrolls of fog
 D - 2 scrolls of enchant armour
 N - 5 scrolls of fear
 O - 6 scrolls of amnesia
 R - a scroll of brand weapon
Potions
 k - 6 potions of curing
 r - 3 potions of magic
 v - 3 potions of mutation
 w - a potion of agility {unknown}
 x - 7 potions of heal wounds
 E - 6 potions of degeneration {unknown}
 F - 4 potions of brilliance
 G - 3 potions of flight
 H - 6 potions of ambrosia
 L - 6 potions of might {unknown}
 P - a potion of berserk rage {unknown}
 U - 2 potions of resistance {unknown}
 W - a potion of cancellation {unknown}
Miscellaneous
 s - 2 boxes of beasts
Comestibles
 e - 25 rations {!d}


   Skills:
 * Level 13.3 Fighting
 * Level 19.4(19.5) Axes
 + Level 5.6(16.0) Maces & Flails
 + Level 3.9 Throwing
 * Level 12.4 Armour
 * Level 8.1 Dodging
 + Level 3.3 Stealth
 * Level 7.5 Shields
 * Level 7.5 Spellcasting
 * Level 5.1 Conjurations
 * Level 7.0 Invocations
 * Level 9.6 Evocations


You had 24 spell levels left.
You knew the following spells:

 Your Spells              Type           Power        Failure   Level  Hunger
a - Magic Dart            Conj           ####         7%          1    None
b - Searing Ray           Conj           #####...     11%         2    None
c - Iskenderun's Mystic   Conj           #####...     21%         3    None

Your spell library contained the following spells:

 Spells                   Type           Power        Failure   Level  Hunger
 Ensorcelled Hibernation  Hex/Ice        ##....       65%         2    None
 Fulminant Prism          Conj/Hex       ####......   89%         4    ###....
 Irradiate                Conj/Tmut      ####......   99%         5    #####..
 Freezing Cloud           Ice/Air        ##......     100%        5    #####..
 Metabolic Englaciation   Hex/Ice        ##........   100%        5    #####..
 Bolt of Cold             Conj/Ice       ####......   100%        6    ######.
 Borgnjor's Vile Clutch   Necr/Erth      ##........   100%        6    ######.
 Darkness                 Hex            ##........   100%        6    ######.
 Infestation              Hex/Tmut/Pois  ##.......    100%        6    ######.
 Ozocubu's Refrigeration  Ice            ##........   100%        6    ######.
 Simulacrum               Ice/Necr       ##......     100%        6    ######.
 Shadow Creatures         Summ           N/A          100%        7    #######
 Time Stop                Chrm/Tloc      N/A          100%        8    #######


Dungeon Overview and Level Annotations

Branches:
Dungeon (12/12)            Temple (1/1) D:4            Lair (6/6) D:7
 Shoals (2/3) Lair:3       Spider (0/3) Lair:4        Slime (0/5) Orc
    Orc (1/1) D:8             Elf (0/3) Lair:6       Vaults (0/3) D:11
 Depths (0/5) D:12

Altars:
Ashenzari
Cheibriados
Elyvilon
Fedhas
Gozag
Makhleb
Nemelex Xobeh
Okawaru
Qazlal
Ru
Sif Muna
Trog
Uskayaw
Vehumet
Wu Jian
Xom
Zin
The Shining One
Jiyva

Shops:
D:4 :   D:6 %   D:8 (   Orc =[!*   Shoals:1 !

Annotations:
D:3 1 runed translucent door, patricia's ghost, amateur EnSk
Lair:2 exclusion: 2 oklob plants
Lair:4 3 runed translucent doors, exclusion: oklob plant, Odimp's ghost, journeyman KoWn
Lair:6 1 runed door


Innate Abilities, Weirdness & Mutations

You are small and have problems with some larger weapons.
You cover ground slowly.
Armour does not affect your spellcasting.


Message History

Cheibriados thoroughly appreciates the change of pace.
The water nymph gestures at you. The water swirls and strikes you.
The satyr plays a frightful melody on his pipes!
The satyr radiates an aura of fear!
You are unaffected.
The faun is engulfed in blazing flames.
The sea snake is engulfed in a cloud of scalding steam.
The sea snake bites you!
* * * LOW HITPOINT WARNING * * *
You are lethally poisoned!
The sea snake poisons you!
The faun is engulfed in blazing flames.
The merfolk aquamancer is engulfed in a cloud of scalding steam.
A merfolk comes into view. It is wielding a +0 trident.
The faun is engulfed in blazing flames. x2
The sea snake is engulfed in a cloud of scalding steam.
The sea snake misses you.
The merfolk aquamancer is engulfed in a cloud of scalding steam.
The water nymph gestures at you. The water swirls and strikes you!!
You die...

.≈≈≈PPP≈≈≈≈≈≈≈≈
≈≈≈≈P≈≈≈≈≈≈≈...
≈≈≈≈≈≈≈≈≈≈≈...m
≈≈≈≈≈≈≈≈≈≈≈^.#
.≈≈≈≈≈≈≈≈≈≈..#
.≈≈....≈≈≈§.#
=........§H.#
... #@m..# #.m.
#S≈..##
....###§<...###.
......cc.......≈
.≈...§§§§.....≈≈
≈≈≈≈§§§§§...≈≈≈≈
≈≈≈c§§c§#..≈≈≈≈≈
≈≈≈≈≈.cm≈.H≈..≈≈
≈≈≈≈..≈≈≈.≈....≈


You could see a satyr, a sea snake, a merfolk aquamancer, a merfolk, 3 fauns, a
manticore, a hippogriff and a water nymph.

Vanquished Creatures
  Jorgrun (D:11)
  A kraken (Shoals:1)
  Kirke (Shoals:1)
  Aizul (Shoals:1)
  A dire elephant (Lair:6)
  Snorg (Orc)
  A fire dragon (D:12)
  A merfolk impaler (Shoals:2)
  Josephine (D:11)
  Fannar (Orc)
  12 hydras
  Harold (D:8)
  An ice dragon (D:12)
  3 vault guards (D:11)
  A death knight (D:9)
  Erica (D:11)
  3 catoblepae
  Sonja (Lair:5)
  A merfolk aquamancer (Shoals:1)
  2 two-headed ogres
  2 tengu warriors
  2 sea snakes (Shoals:1)
  3 orc high priests (Orc)
  5 death yaks (Lair:3)
  Nergalle (D:11)
  4 centaur warriors
  A wolf spider zombie (D:10)
  A cyclops (Shoals:1)
  4 lindwurms (Lair:6)
  3 harpies (Shoals:1)
  5 orc knights
  3 orc sorcerers (Orc)
  2 ugly things (D:11)
  3 water nymphs
  6 manticores
  7 black mambas
  3 merfolk sirens
  12 elephants
  A gargoyle (D:12)
  6 torpor snails
  13 rime drakes
  14 cane toads
  8 komodo dragons
  A tengu conjurer (D:12)
  3 wind drakes (Shoals:1)
  6 merfolk
  2 trolls
  3 tyrant leeches (Lair:6)
  2 polar bears
  9 hornets (Lair:6)
  4 slime creatures
  4 blink frogs (Lair:6)
  13 dream sheep
  23 hippogriffs
  Grum (D:10)
  A vampire (D:11)
  5 wyverns
  5 water elementals
  3 shadows (D:11)
  2 hogs (Shoals:1)
  4 wraiths (D:11)
  9 humans (D:11)
  67 yaks
  2 hungry ghosts (D:12)
  6 basilisks
  A steam dragon (D:9)
  4 vampire mosquitoes (D:11)
  A warg (Orc)
  11 crocodiles
  6 water moccasins
  An acid dragon (D:12)
  7 porcupines
  A hornet zombie (D:11)
  14 orc warriors
  Duvessa (D:4)
  3 soldier ants (D:10)
  2 black bears
  An ice beast (D:8)
  2 sky beasts
  7 ogres
  5 phantoms
  14 wolves
  8 bullfrogs
  Dowan (D:4)
  3 centaurs
  4 scorpions
  4 killer bees
  A howler monkey (D:7)
  4 electric eels
  14 jellies
  11 orc priests
  5 crimson imps
  A bullfrog zombie (D:7)
  4 hounds
  2 gnoll shamans
  A human zombie (Ossuary)
  Ijyb (D:4)
  Jessica (D:2)
  2 iguanas (D:5)
  7 hell rats (Lair:3)
  26 orc wizards
  7 worker ants
  A killer bee zombie (D:4)
  A hound skeleton (D:7)
  4 mummies
  10 gnolls
  A howler monkey skeleton (D:9)
  A worker ant zombie (D:9)
  14 adders
  3 river rats
  4 shadow imps
  8 oozes (Lair:2)
  2 adder skeletons (D:6)
  9 worms
  5 dart slugs
  5 leopard geckos
  61 orcs
  4 giant cockroaches
  2 goblins
  4 hobgoblins
  5 jackals
  6 kobolds (D:3)
  6 quokkas
  3 ball pythons
  6 bats
  10 frilled lizards
  2 gnoll zombies (Ossuary)
  A goblin zombie (Ossuary)
  3 hobgoblin zombies
  A kobold zombie (Ossuary)
  2 orc zombies
  A quokka skeleton (D:5)
  18 rats
  5 fungi
  14 plants
  3 tentacles (Shoals:1)
733 creatures vanquished.

Vanquished Creatures (others)
  A human (Shoals:1)
  An orc priest (Orc)
  21 fungi
  52 plants
  6 tentacles (Shoals:1)
81 creatures vanquished.

Grand Total: 814 creatures vanquished

Notes
Turn   | Place    | Note
-------+----------+-------------------------------------------
     0 | D:1      | Grimmash the Sand Dwarf Archaeologist began the quest for
                  | the Orb.
     0 | D:1      | Reached XP level 1. HP: 16/16 MP: 1/1
   274 | D:1      | Reached XP level 2. HP: 23/23 MP: 2/2
   850 | D:2      | Found a hide-covered altar of Uskayaw.
   886 | D:2      | Reached XP level 3. HP: 27/28 MP: 3/3
   985 | D:2      | Reached skill level 1 in Armour
  1162 | D:2      | Found an ornate altar of the Wu Jian Council.
  1172 | D:2      | Noticed Jessica
  1176 | D:2      | Killed Jessica
  1177 | D:2      | Reached XP level 4. HP: 36/36 MP: 4/4
  1208 | D:2      | Found a stormy altar of Qazlal.
  1394 | D:2      | Found a blossoming altar of Fedhas.
  1503 | D:2      | Found a burning altar of Makhleb.
  1511 | D:2      | Reached XP level 5. HP: 31/41 MP: 5/5
  1511 | D:2      | Identified a scroll of acquirement
  1511 | D:2      | Identified the Handbook of Earth and Conjuration (You
                  | acquired it on level 2 of the Dungeon)
  1595 | D:3      | Noticed patricia's ghost (amateur EnSk)
  1603 | D:3      | Found a sacrificial altar of Ru.
  1624 | D:3      | Found a runed translucent door.
  2163 | D:3      | Reached skill level 1 in Axes
  2163 | D:3      | Reached skill level 1 in Spellcasting
  2271 | D:3      | Reached skill level 2 in Axes
  2271 | D:3      | Reached XP level 6. HP: 39/50 MP: 7/7
  2318 | D:3      | Reached skill level 3 in Axes
  2566 | D:4      | Noticed Ijyb
  2578 | D:4      | Killed Ijyb
  2593 | D:4      | Noticed Dowan
  2594 | D:4      | Noticed Duvessa
  2595 | D:4      | Noticed a phantom
  2600 | D:4      | Killed Duvessa
  2612 | D:4      | Reached skill level 4 in Axes
  2612 | D:4      | Reached XP level 7. HP: 34/56 MP: 7/9
  2630 | D:4      | Killed Dowan
  2778 | D:4      | Reached skill level 5 in Axes
  2820 | D:4      | Found a staircase to the Ecumenical Temple.
  2829 | Temple   | Entered the Ecumenical Temple
  2837 | Temple   | Became a worshipper of Cheibriados the Contemplative
  2881 | D:4      | Reached skill level 1 in Throwing
  2969 | D:4      | Reached skill level 6 in Axes
  2969 | D:4      | Reached skill level 5 in Maces & Flails
  2969 | D:4      | Reached XP level 8. HP: 63/63 MP: 10/10
  3039 | D:4      | Found a sparkling altar of Nemelex Xobeh.
  3257 | D:4      | Found Bucleshroo's Book Emporium.
  3507 | D:5      | Entered Level 5 of the Dungeon
  3530 | D:5      | Reached skill level 7 in Axes
  3531 | D:5      | Found a sand-covered staircase.
  3536 | D:5      | Reached * piety under Cheibriados
  3545 | Ossuary  | Entered an ossuary
  3588 | Ossuary  | Reached skill level 1 in Invocations
  3769 | D:5      | Found a glowing silver altar of Zin.
  3774 | D:5      | Found a radiant altar of Vehumet.
  3811 | D:5      | Found a glowing drain.
  3823 | Sewer    | Entered a sewer
  3839 | Sewer    | Identified the +8 chain mail of Insecurity {+Inv rN+ Str-2
                  | Int+3} (You acquired it in a sewer)
  3839 | Sewer    | Identified the ring of Kamynke {rF+ MP+9} (You acquired it
                  | in a sewer)
  3916 | Sewer    | Reached ** piety under Cheibriados
  4220 | D:5      | Reached skill level 8 in Axes
  4315 | D:5      | Found a shimmering blue altar of Sif Muna.
  4731 | D:6      | Found a shimmering altar of Xom.
  4804 | D:6      | Reached XP level 9. HP: 71/71 MP: 13/13
  4846 | D:6      | Reached skill level 9 in Axes
  4854 | D:6      | Reached skill level 5 in Armour
  5218 | D:4      | Bought a book of Conjurations for 360 gold pieces
  5220 | D:4      | Learned a level 1 spell: Magic Dart
  5223 | D:4      | Learned a level 2 spell: Searing Ray
  5227 | D:4      | Learned a level 3 spell: Iskenderun's Mystic Blast
  5440 | D:6      | Found Locebb's Food Emporium.
  5484 | D:6      | Found the ring of Phasing {EV+8}
  5615 | D:6      | Reached *** piety under Cheibriados
  5760 | D:7      | Reached skill level 10 in Axes
  5762 | D:7      | Found a staircase to the Lair.
  5767 | D:7      | Reached skill level 1 in Evocations
  5769 | D:7      | Reached skill level 11 in Axes
  5776 | D:7      | Reached skill level 1 in Conjurations
  5776 | D:7      | Reached XP level 10. HP: 68/80 MP: 14/14
  5779 | D:7      | Reached skill level 5 in Fighting
  5779 | D:7      | Reached skill level 12 in Axes
  5844 | D:7      | Noticed a two-headed ogre
  5852 | D:7      | Killed a two-headed ogre
  5861 | D:7      | Reached **** piety under Cheibriados
  5871 | D:7      | Reached skill level 13 in Axes
  5891 | D:7      | Found a bloodstained altar of Trog.
  6193 | D:7      | Found a glowing golden altar of the Shining One.
  6465 | D:8      | Found a staircase to the Orcish Mines.
  6504 | D:8      | Got a smoking platinum ring
  6505 | D:8      | Identified the ring of Kindness {Ice rN+} (You found it on
                  | level 8 of the Dungeon)
  6525 | D:8      | Reached skill level 14 in Axes
  6653 | D:8      | Found an iron altar of Okawaru.
  6810 | D:8      | Noticed Harold
  6826 | D:8      | Killed Harold
  6984 | D:8      | Reached skill level 5 in Dodging
  6984 | D:8      | Reached XP level 11. HP: 72/89 MP: 17/17
  7285 | D:8      | Found Lone's Antique Weapon Boutique.
  7423 | Orc      | Entered the Orcish Mines
  7423 | Orc      | Identified the cursed ring of Nolek {Ice Str+7 Stlth-}
  7423 | Orc      | Noticed Fannar
  7432 | Orc      | Killed Fannar
  7433 | Orc      | Reached ***** piety under Cheibriados
  7808 | D:9      | Reached skill level 15 in Axes
  8060 | D:10     | Entered Level 10 of the Dungeon
  8060 | D:10     | Noticed a death knight
  8120 | Lair:1   | Entered Level 1 of the Lair of Beasts
  8477 | Lair:1   | Reached skill level 1 in Shields
  8575 | Lair:1   | Noticed a four-headed hydra
  8582 | Lair:1   | Killed a four-headed hydra
  8583 | Lair:1   | Reached skill level 5 in Evocations
  8813 | Lair:1   | Noticed an eight-headed hydra
  8819 | Lair:1   | Killed an eight-headed hydra
  9072 | Lair:2   | Noticed a seven-headed hydra
  9126 | Lair:2   | Killed a seven-headed hydra
  9187 | Lair:2   | Reached XP level 12. HP: 96/100 MP: 8/18
  9189 | Lair:2   | Reached skill level 16 in Axes
 10045 | Lair:2   | Reached ****** piety under Cheibriados
 10567 | Lair:3   | Reached skill level 5 in Spellcasting
 10570 | Lair:3   | Found a staircase to the Shoals.
 10691 | Lair:3   | Noticed a death yak
 10696 | Lair:3   | Noticed a death yak
 10696 | Lair:3   | Noticed a death yak
 10697 | Lair:3   | Noticed a death yak
 10698 | Lair:3   | Noticed a death yak
 10706 | Lair:3   | Killed a death yak
 10707 | Lair:3   | Reached skill level 17 in Axes
 10715 | Lair:3   | Killed a death yak
 10716 | Lair:3   | Reached skill level 5 in Invocations
 10722 | Lair:3   | Killed a death yak
 10723 | Lair:3   | Reached XP level 13. HP: 111/111 MP: 20/20
 11265 | Lair:4   | Found a runed translucent gate.
 11265 | Lair:4   | Found a runed translucent gate.
 11265 | Lair:4   | Found a runed translucent gate.
 11269 | Lair:4   | Noticed Odimp's ghost (journeyman KoWn)
 11521 | Lair:4   | Found a hole to the Spider Nest.
 11545 | Lair:4   | Reached skill level 10 in Fighting
 12612 | Lair:5   | Reached skill level 10 in Armour
 12757 | Lair:5   | Reached XP level 14. HP: 122/122 MP: 4/22
 12837 | Lair:5   | Reached skill level 5 in Shields
 12963 | Lair:5   | Noticed Sonja
 12973 | Lair:5   | Killed Sonja
 13464 | Lair:6   | Entered Level 6 of the Lair of Beasts
 13677 | Lair:6   | Reached skill level 18 in Axes
 14401 | Lair:6   | Noticed a dire elephant
 14417 | Lair:6   | Killed a dire elephant
 14443 | Lair:6   | Found the +7 sceptre of Torment {pain, torment}
 14859 | Lair:6   | Found a staircase to the Elven Halls.
 15176 | Lair:6   | Found a runed door.
 16096 | D:10     | Noticed Grum
 16109 | D:10     | Reached XP level 15. HP: 126/132 MP: 25/25
 16112 | D:10     | Killed Grum
 16196 | D:10     | Found a stormy altar of Qazlal.
 17372 | D:11     | Noticed Josephine
 17396 | D:11     | Killed Josephine
 17485 | D:11     | Got a steaming leather armour
 17555 | D:11     | Noticed Erica
 17565 | D:11     | Killed Erica
 17601 | D:11     | Noticed Nergalle
 17624 | D:11     | Killed Nergalle
 17628 | D:11     | Identified the +6 great sword "Tiasm" {drain, Stlth+}
 17655 | D:11     | Noticed Jorgrun
 17686 | D:11     | Killed Jorgrun
 18079 | D:11     | Found a gate to the Vaults.
 18303 | D:12     | Entered Level 12 of the Dungeon
 18626 | D:12     | Reached skill level 19 in Axes
 19097 | D:12     | Found a staircase to the Depths.
 19292 | Orc      | Found a staircase to the Slime Pits.
 19407 | Orc      | Found a viscous altar of Jiyva.
 19515 | Orc      | Reached XP level 16. HP: 140/141 MP: 26/26
 19546 | Orc      | Reached skill level 5 in Conjurations
 19578 | Orc      | Paralysed by an orc sorcerer for 3 turns
 19612 | Orc      | Found Koinoera's General Store.
 19612 | Orc      | Found Baddal's Jewellery Boutique.
 19616 | Orc      | Found Icitsill's Distillery.
 19616 | Orc      | Found Wimaguxo's Armour Boutique.
 19628 | Orc      | Bought a potion of heal wounds for 65 gold pieces
 19653 | Orc      | Noticed Snorg
 19670 | Orc      | Killed Snorg
 20051 | Shoals:1 | Entered Level 1 of the Shoals
 20080 | Shoals:1 | Noticed Aizul
 20113 | Shoals:1 | Killed Aizul
 20471 | Shoals:1 | Noticed a kraken
 20488 | Shoals:1 | Killed a kraken
 20561 | Shoals:1 | Noticed Kirke
 20583 | Shoals:1 | Killed Kirke
 20635 | Shoals:1 | Found Sekas's Distillery.
 21286 | Shoals:2 | Killed from afar by a water nymph

Skill      XL: |  1  2  3  4  5  6  7  8  9 10 11 12 13 14 15 16 |
---------------+-------------------------------------------------+-----
Maces & Flails | 2 3 4 5 |  5.6
Armour         | 2 3 4 5 6 8 9 10 11 12 | 12.4
Fighting       | 2 3 4 5 7 9 10 11 12 13 | 13.3
Dodging        | 3 4 5 6 7 8 |  8.1
Axes           | 2 4 6 8 11 14 15 17 18 19 | 19.4
Spellcasting   | 1 2 3 4 5 6 7 |  7.5
Throwing       | 1 2 3 |  3.9
Invocations    | 1 2 3 4 5 6 7 |  7.0
Evocations     | 1 3 5 6 7 8 9 |  9.6
Conjurations   | 1 2 3 4 5 |  5.1
Shields        | 2 3 4 6 7 |  7.5
Stealth        | 3 |  3.3

Action                   |  1- 3 |  4- 6 |  7- 9 | 10-12 | 13-15 | 16-18 || total
-------------------------+-------+-------+-------+-------+-------+-------++-------
Melee: Whip              |   110 |    30 |       |       |       |       ||   140
       Broad axe         |       |   131 |   271 |   123 |       |       ||   525
       War axe           |       |       |       |   336 |   977 |   267 ||  1580
 Fire: Blowgun           |       |       |       |     3 |       |       ||     3
Throw: Tomahawk          |     8 |    12 |    10 |    14 |    67 |    25 ||   136
 Cast: Magic Dart        |       |       |       |    26 |       |     1 ||    27
       Iskenderun's Myst |       |       |       |     2 |   101 |       ||   103
       Searing Ray       |       |       |       |     9 |    24 |     1 ||    34
Evoke: Wand              |       |       |     1 |     7 |     9 |     2 ||    19
  Use: Scroll            |       |     2 |    12 |     5 |    13 |     3 ||    35
       Potion            |       |       |     2 |       |       |     1 ||     3
 Stab: Held in net/web   |       |       |       |       |     3 |       ||     3
       Petrified         |       |       |       |       |     1 |       ||     1
  Eat: Chunk             |     5 |    10 |    15 |    23 |    40 |    11 ||   104
       Ration            |       |       |     1 |     2 |     3 |       ||     6
Armor: Scale mail        |    54 |    73 |     5 |       |       |       ||   132
       Chain mail        |       |       |    68 |     5 |       |       ||    73
       Plate armour      |       |       |       |   116 |   307 |    71 ||   494
Dodge: Dodged            |    94 |   166 |   295 |   550 |  1518 |   309 ||  2932
Block: Medium shield     |       |       |       |    39 |       |   147 ||   186
